 Dungeon Sprint DCSS version 0.21.2 (webtiles) character file.

10791 Fang the Severer (level 11, -47/80 HPs)
             Began as a Gargoyle Berserker on Dec 21, 2018.
             Was a High Priest of Trog.
             Killed from afar by Ilsuiw (54 damage)
             ... with a shard of ice
             ... in the Dungeon (Sprint VII: "The Pits").
             The game lasted 00:05:45 (2877 turns).

Fang the Severer (Gargoyle Berserker)               Turns: 2877, Time: 00:05:46

Health: -47/80     AC: 31    Str: 23    XL:     11   Next: 67%
Magic:  11/11      EV: 10    Int:  9    God:    Trog [*****.]
Gold:   39         SH:  0    Dex: 12    Spells: 10/10 levels left

rFire    . . .     SeeInvis .   j - +2 executioner's axe (drain)
rCold    . . .     Gourm    .   (shield currently unavailable)
rNeg     + . .     Faith    .   a - +2 plate armour
rPois    ∞         Spirit   .   v - +0 helmet
rElec    +         Reflect  .   (no cloak)
rCorr    .         Harm     .   (no gloves)
MR       .....     NoTele   +   (no boots)
Stlth    ..........             (no amulet)
HPRegen  0.23/turn              p - +3 ring of dexterity
MPRegen  0.12/turn              s - +3 ring of protection

@: berserk cooldown, slowed, very slow
A: negative energy resistance 1, electricity resistance, unbreathing,
petrification resistance, rot immunity, AC +8
a: Berserk, Trog's Hand, Brothers in Arms, Burn Spellbooks, Renounce Religion


You were in the Dungeon.
You worshipped Trog.
Trog was extremely pleased with you.
You were near starving.

You visited 1 branch You collected 39 gold pieces.

Inventory:

Hand Weapons
 j - a +2 executioner's axe of draining (weapon)
 n - a +2 antimagic war axe
 o - a +3 antimagic battleaxe
 u - a +1 broad axe of freezing
 w - a +7 antimagic hand axe
Armour
 a - a +2 plate armour (worn)
 v - a +0 helmet (worn)
Jewellery
 p - a +3 ring of dexterity (left hand)
 s - a +3 ring of protection (right hand)
 y - an uncursed ring of protection from magic
 A - an uncursed ring of protection from magic
Scrolls
 b - 6 scrolls of enchant weapon
 i - 2 scrolls of blinking
 l - 5 scrolls of remove curse
 m - a scroll of summoning
 x - 2 scrolls of enchant armour
 z - a scroll of identify
 B - a scroll of fog
Potions
 d - 8 potions of curing
 e - 14 potions of heal wounds
 f - a potion of haste
 g - 4 potions of magic
 h - 3 potions of berserk rage
 k - 2 potions of invisibility
 q - 5 potions of brilliance
 r - 3 potions of agility
 t - 2 potions of might
Comestibles
 c - 9 rations


   Skills:
 + Level 14.5 Fighting
 + Level 17.8 Axes
 + Level 14.2 Armour
 + Level 6.1 Dodging
 + Level 0.8 Stealth


You had 10 spell levels left.
You didn't know any spells.

Dungeon Overview and Level Annotations

Branches:
Dungeon (1/1)

Altars:

Annotations:
D Ilsuiw


Innate Abilities, Weirdness & Mutations

You are resistant to torment.
Your stone body is resilient. (AC +8)
You are immune to poison.
You resist negative energy. (rN+)
You are resistant to electric shocks. (rElec)
You can survive without breathing.
You are immune to petrification.
You are immune to rotting.


Message History

The shard of ice hits you!
* * * LOW HITPOINT WARNING * * *
The water elemental misses you.
With effort, you pull free of the water engulfing you.
Your troll bites the water elemental.
Your troll claws the water elemental!
The water elemental is destroyed!
Your troll bites the merfolk javelineer!
Your troll claws the merfolk javelineer!!
Your troll closely misses the merfolk javelineer.
The merfolk throws a tomahawk.
The tomahawk barely misses you. Something hits you but does no damage.
Your troll closely misses the merfolk javelineer.
Your troll claws the merfolk javelineer. x2
The merfolk javelineer throws a javelin of penetration.
The javelin of penetration pierces through your troll!!
You hear some strange, mumbled words.
A shard of ice appears from out of thin air!
The shard of ice hits you!
Ouch! That really hurt!
You die...

+#########################
.................Tm.ES....
....÷..........{@.mEmm....
.##############++#########
.# .# .# .# .# .# .#


You could see a merfolk javelineer, 3 merfolk, 2 water elementals, an adder and
a friendly troll (berserk).

Vanquished Creatures
  Erica (D)
  A death yak (D)
  A deep troll (D)
  A sea snake (D)
  Pikel (D)
  2 lindwurms (D)
  An orc knight (D)
  A manticore (D)
  An elephant (D)
  An eye of devastation (D)
  A spiny frog (D)
  A rime drake (D)
  2 komodo dragons (D)
  A troll (D)
  A polar bear (D)
  Prince Ribbit (D)
  A redback (D)
  2 wraiths (D)
  A ynoxinul (D)
  Eustachio (D)
  A warg (D)
  A porcupine (D)
  A floating eye (D)
  An acid dragon (D)
  Purgy (D)
  4 slaves (D)
  4 orc warriors (D)
  An ogre (D)
  A bullfrog (D)
  A gnoll sergeant (D)
  A wight (D)
  A quasit (D)
  A gnoll shaman (D)
  An iguana (D)
  A hell rat (D)
  A worker ant (D)
  5 gnolls (D)
  A white imp (D)
  An adder zombie (D)
  3 leopard geckos (D)
  2 orcs (D)
  2 bats (D)
  A bat zombie (D)
  A hobgoblin (D)
  A quokka (D)
  A ball python (D)
  2 frilled lizards (D)
  A jackal zombie (D)
  A leopard gecko simulacrum (D)
  A quokka skeleton (D)
  A quokka zombie (D)
  A rat (D)
70 creatures vanquished.

Vanquished Creatures (collateral kills)
  A vampire knight (D)
  A shadow wraith (D)
  A sea snake (D)
  A lindwurm (D)
  A gargoyle (D)
  A wind drake (D)
  A troll (D)
  A shadow (D)
  A soldier ant (D)
  An acid dragon (D)
  4 gnolls (D)
14 creatures vanquished.

Grand Total: 84 creatures vanquished

Notes
Turn   | Place    | Note
-------+----------+-------------------------------------------
     0 | D        | Fang the Gargoyle Berserker began the quest for the Orb.
     0 | D        | Reached XP level 1. HP: 14/14 MP: 1/1
    58 | D        | Noticed a worker ant
    59 | D        | Reached skill level 3 in Axes
    64 | D        | Killed a worker ant
    64 | D        | Reached ** piety under Trog
    64 | D        | Reached skill level 5 in Fighting
    64 | D        | Reached skill level 4 in Axes
    64 | D        | Reached XP level 2. HP: 21/21 MP: 2/2
    64 | D        | Reached XP level 3. HP: 26/26 MP: 3/3
    79 | D        | Noticed Purgy
    86 | D        | Reached *** piety under Trog
    90 | D        | Killed Purgy
    90 | D        | Reached skill level 6 in Axes
    90 | D        | Reached XP level 4. HP: 21/34 MP: 4/4
    90 | D        | Reached XP level 5. HP: 23/38 MP: 5/5
   333 | D        | Noticed a floating eye
   335 | D        | Paralysed by a floating eye for 4 turns
   342 | D        | Killed a floating eye
   342 | D        | Reached **** piety under Trog
   342 | D        | Reached skill level 7 in Axes
   342 | D        | Reached XP level 6. HP: 34/45 MP: 6/6
   350 | D        | Reached skill level 8 in Axes
   490 | D        | Reached ***** piety under Trog
   511 | D        | Reached skill level 9 in Axes
   511 | D        | Reached skill level 5 in Armour
   745 | D        | Noticed an elephant
   745 | D        | Noticed a komodo dragon
   747 | D        | Reached XP level 7. HP: 51/51 MP: 7/7
   758 | D        | Killed a komodo dragon
   758 | D        | Reached skill level 10 in Fighting
   758 | D        | Reached skill level 10 in Axes
   758 | D        | Reached skill level 5 in Dodging
   762 | D        | Received a gift from Trog
   776 | D        | Killed an elephant
   776 | D        | Reached skill level 11 in Axes
   776 | D        | Reached XP level 8. HP: 13/58 MP: 8/8
  1108 | D        | Noticed a rime drake
  1118 | D        | Killed a rime drake
  1215 | D        | Noticed a redback
  1217 | D        | Noticed an orc knight
  1218 | D        | Noticed a death yak
  1219 | D        | Killed a redback
  1219 | D        | Reached skill level 12 in Axes
  1220 | D        | Noticed Erica
  1225 | D        | Killed a death yak
  1225 | D        | Received a gift from Trog
  1225 | D        | Reached skill level 13 in Axes
  1225 | D        | Reached XP level 9. HP: 55/64 MP: 9/9
  1229 | D        | Reached ****** piety under Trog
  1230 | D        | Noticed Eustachio
  1238 | D        | Killed an orc knight
  1238 | D        | Reached skill level 10 in Armour
  1239 | D        | Killed Erica
  1239 | D        | Received a gift from Trog
  1239 | D        | Reached skill level 14 in Axes
  1239 | D        | Reached XP level 10. HP: 23/72 MP: 10/10
  1242 | D        | Killed Eustachio
  1248 | D        | Noticed a gargoyle
  1251 | D        | Received a gift from Trog
  1259 | D        | Killed a gargoyle
  1261 | D        | Killed a shadow wraith
  1264 | D        | Reached skill level 15 in Axes
  1273 | D        | Noticed a sea snake
  1276 | D        | Killed a sea snake
  1277 | D        | Noticed a lindwurm
  1280 | D        | Killed a lindwurm
  1280 | D        | Received a gift from Trog
  1485 | D        | Noticed a sea snake
  1501 | D        | Killed a sea snake
  1617 | D        | Noticed an eye of devastation
  1631 | D        | Killed an eye of devastation
  1637 | D        | Reached skill level 16 in Axes
  1865 | D        | Noticed Pikel
  1865 | D        | Noticed Prince Ribbit
  1874 | D        | Reached XP level 11. HP: 78/78 MP: 11/11
  1876 | D        | Killed Prince Ribbit
  1876 | D        | Received a gift from Trog
  1877 | D        | Killed Pikel
  1921 | D        | Noticed a deep troll
  1922 | D        | Noticed a lindwurm
  1930 | D        | Killed a deep troll
  1930 | D        | Received a gift from Trog
  1930 | D        | Reached skill level 17 in Axes
  1933 | D        | Killed a lindwurm
  2349 | D        | Noticed a manticore
  2356 | D        | Killed a manticore
  2363 | D        | Noticed a vampire knight
  2369 | D        | Killed a vampire knight
  2369 | D        | Received a gift from Trog
  2616 | D        | Noticed a lindwurm
  2626 | D        | Killed a lindwurm
  2862 | D        | Noticed Ilsuiw
  2862 | D        | Noticed a merfolk javelineer
  2877 | D        | Killed from afar by Ilsuiw

Skill      XL: |  1  2  3  4  5  6  7  8  9 10 11 |
---------------+----------------------------------+-----
Axes           | 4 6 7 9 11 13 14 16 17 | 17.8
Fighting       | 5 7 8 9 10 11 12 13 14 | 14.5
Dodging        | 2 3 4 5 6 |  6.1
Armour         | 3 4 5 7 9 11 12 14 | 14.2
Stealth        | |  0.8

Action                   |  1- 3 |  4- 6 |  7- 9 | 10-12 || total
-------------------------+-------+-------+-------+-------++-------
Melee: Hand axe          |    25 |    38 |    27 |       ||    90
       Broad axe         |       |       |    29 |    12 ||    41
       Executioner's axe |       |       |       |    68 ||    68
Invok: Berserk           |     1 |     1 |     3 |     4 ||     9
       Brothers in Arms  |       |       |     1 |     4 ||     5
  Use: Potion            |       |       |       |     2 ||     2
  Eat: Chunk             |       |     1 |     4 |    10 ||    15
Armor: Animal skin       |    10 |       |       |       ||    10
       Plate armour      |       |    56 |    36 |   153 ||   245
Dodge: Dodged            |    26 |    13 |    20 |    76 ||   135
